Map: Battle on the Boardwalk LE

Players

SamuraiFunn - Winner!

  • Race: Protoss Protoss
  • Spawn Location: 1:00

A.I. 1 (Very Hard)

  • Race: Zerg Zerg
  • Spawn Location: 11:00

VOD

Have the link to the VOD?

Description

Time

  • Played on: Nov. 23, 2017, 3:43 p.m.
  • Length: 12:09
Show
View Real Time Build Order
Export as new Build Order

SamuraiFunn Protoss - Winner!

Build Orders:  

Get SALT Encoding   

  12  0:01  Probe  
  13  0:13  Probe  
  14  0:24  Pylon  
  14  0:25  Probe  
  15  0:42  Probe  
  16  0:46  Gateway  
  16  0:54  Probe  
  17  1:01  Assimilator  
  17  1:06  Probe (Chrono Boost)  
  19  1:18  Probe (Chrono Boost)  
  19  1:21  Gateway, Probe (Chrono Boost)  
  20  1:33  Probe  
  20  1:39  Assimilator  
  21  1:42  Zealot  
  21  1:43  Gateway  
  23  1:55  Cybernetics Core  
  23  2:00  Pylon  
  23  2:18  Probe, Pylon  
  24  2:24  Zealot  
  24  2:25  Zealot  
  28  2:31  Probe  
  28  2:32  Warp Gate (Chrono Boost)  
  31  2:37  Zealot  
  31  2:44  Twilight Council  
  31  2:49  Probe  
  32  2:59  Zealot x2  
  36  3:09  Zealot  
  38  3:20  Charge (Chrono Boost)  
  38  3:26  Probe  
  39  3:29  Pylon  
  35  3:38  Probe  
  36  3:44  Zealot  
  36  3:47  Zealot x2  
  42  4:02  Pylon  
  42  4:03  Pylon  
  40  4:12  Zealot  
  38  4:19  Zealot x2  
  42  4:54  Adept  
  42  5:14  Pylon  
  42  5:29  Nexus  
  42  5:30  Probe, Pylon  
  42  5:33  Pylon  
  42  5:35  Assimilator  
  43  5:38  Zealot x2  
  43  5:40  Assimilator  
  47  5:43  Probe  
  46  6:05  Zealot x3  
  46  6:10  Gateway  
  50  6:11  Gateway  
  50  6:15  Gateway  
Show
View Real Time Build Order
Export as new Build Order

A.I. 1 (Very Hard) Zerg 

Build Orders: Pool First 

Get SALT Encoding   

  12  0:00  Drone  
  13  0:12  Overlord  
  13  0:16  Drone  
  14  0:30  Drone x2  
  16  0:42  Spawning Pool  
  16  0:45  Drone  
  16  0:49  Drone  
  17  1:11  Hatchery  
  17  1:14  Drone  
  17  1:18  Extractor  
  16  1:19  Drone  
  16  1:24  Drone  
  18  1:28  Drone  
  19  1:38  Overlord  
  19  1:49  Drone  
  19  1:51  Queen  
  22  1:59  Zergling x2  
  23  2:10  Drone  
  23  2:14  Extractor  
  23  2:21  Drone  
  24  2:23  Drone  
  24  2:26  Queen  
  27  2:32  Drone  
  27  2:33  Drone  
  29  2:45  Roach Warren  
  29  2:46  Drone  
  29  2:49  Drone  
  30  2:53  Zergling x2  
  30  2:55  Zergling x2  
  31  2:59  Zergling x2  
  31  3:04  Overlord  
  32  3:08  Drone  
  32  3:10  Drone  
  34  3:18  Zergling x2  
  35  3:21  Zergling x4  
  33  3:27  Roach  
  34  3:39  Queen  
  35  3:43  Drone  
  35  3:47  Zergling x2  
  34  3:50  Drone  
  31  3:57  Drone  
  27  4:03  Drone  
  27  4:09  Drone  
  28  4:16  Zergling x2  
  24  4:22  Drone  
  25  4:27  Drone  
  26  4:32  Drone  
  26  4:41  Zergling x2  
  25  4:46  Zergling x2  
  25  4:51  Zergling x2  
  27  4:57  Zergling x2  
  26  5:07  Roach  
  28  5:31  Roach  
  28  5:34  Zergling x2  
  29  5:41  Roach  
  31  5:45  Drone  
  31  5:47  Zergling x2  
  24  5:59  Queen  
  24  6:00  Zergling x2, Drone, Roach  
  22  6:09  Drone  
  22  6:10  Drone  
Tags
 
Add a new tag
Caveats
  • Supply blocks, unpowered buildings, or Contaminate may cause inaccurate times.
  • Supply counts are checked every 10 seconds.